 Dungeon Crawl Stone Soup version 0.20-a0-957-g47ad1fd (webtiles) character file.

296 Klosterheim the Conjurer (level 6, -8/32 HPs)
             Began as a Deep Elf Conjurer on Apr 5, 2017.
             Mangled by Pikel
             ... wielding a +0 whip of electrocution
              (17 damage)
             ... on level 4 of the Dungeon.
             The game lasted 00:06:09 (3950 turns).

Klosterheim the Conjurer (Deep Elf Conjurer)        Turns: 3950, Time: 00:06:10

Health: -8/32      AC:  5    Str:  5    XL:     6   Next: 12%
Magic:  0/15       EV: 13    Int: 22    God:
Gold:   200        SH:  0    Dex: 15    Spells: 9/15 levels left

rFire    . . .     SeeInvis .   B - +1 whip (flame)
rCold    + . .     Gourm    .   (no shield)
rNeg     + . .     Faith    .   a - +0 robe
rPois    .         Spirit   .   (no helmet)
rElec    .         Reflect  .   v - +0 cloak
rCorr    .         Harm     .   w - +0 pair of gloves
MR       .....                  x - +0 pair of boots
Stlth    ++........             (no amulet)
Regen    0.1/turn               d - ring of positive energy
MPRegen  0.2/turn               m - ring of protection from cold

@: no status effects
A: no striking features
a: no special abilities


You were on level 4 of the Dungeon.
You were not hungry.

You visited 1 branch of the dungeon, and saw 4 of its levels.

You collected 200 gold pieces.

Inventory:

Hand Weapons
 B - a +1 whip of flaming (weapon)
Armour
 a - a +0 robe (worn)
 v - a +0 cloak (worn)
 w - a +0 pair of gloves (worn)
 x - a +0 pair of boots (worn)
Jewellery
 d - a ring of positive energy (left hand)
 m - a ring of protection from cold (right hand)
Wands
 u - a wand of random effects (24/48)
 A - a wand of paralysis (17/24)
Scrolls
 g - a scroll of teleportation
 l - 3 scrolls of fear
 n - 3 scrolls of identify
Potions
 e - 2 potions of heal wounds
 f - a potion of cancellation
 i - a potion of magic {unknown}
 j - a potion of haste {unknown}
 k - a potion of ambrosia {unknown}
 o - 3 potions of curing
 r - a potion of lignification {unknown}
 z - a potion of brilliance {unknown}
 C - a potion of agility {unknown}
Books
 b - a book of Conjurations

   Spells                             Type                      Level
   a - Magic Dart                     Conjuration                  1
   b - Searing Ray                    Conjuration                  2
   c - Dazzling Spray                 Conjuration/Hexes            3
   d - Fulminant Prism                Conjuration/Hexes            4
   e - Force Lance                    Conjuration/Translocation    4
   f - Iskenderun's Mystic Blast      Conjuration                  4
Comestibles
 c - 2 bread rations
 h - 2 meat rations
 q - 2 fruits


   Skills:
 - Level 2.4 Dodging
 - Level 2.4 Stealth
 + Level 5.3 Spellcasting
 * Level 7.2 Conjurations


You had 9 spell levels left.
You knew the following spells:

 Your Spells              Type           Power        Failure   Level  Hunger
a - Magic Dart            Conj           ####         1%          1    None
b - Searing Ray           Conj           #####.       1%          2    None
c - Dazzling Spray        Conj/Hex       ###...       10%         3    ##.....


Dungeon Overview and Level Annotations

Branches:
Dungeon (4/15)
 Temple: D:4-7

Altars:
Ashenzari
The Shining One

Annotations:
D:4 Pikel


Message History

Pikel hits you with a whip of electrocution.
The searing ray hits Pikel.
Pikel is heavily wounded.
Pikel hits you with a whip of electrocution.
The searing ray hits Pikel.
Pikel is severely wounded.
You finish channeling your searing ray.
Pikel hits you with a whip of electrocution.
* * * LOW HITPOINT WARNING * * *
Casting: Searing Ray
Confirm with . or Enter, or press ? or * to list all spells.
Aiming: Searing Ray
Press: ? - help, Shift-Dir - straight line, f/p - Pikel
Aim: Pikel, wielding a whip of electrocution and wearing a robe (severely wounded)
The searing ray hits Pikel.
Pikel is almost dead. (Press . to maintain the ray.) Pikel hits you but does no damage.
You are electrocuted!
Ouch! That really hurt!
You die...

*,,* ##.## ##.#######
##.# ***,** ##.##
#..## ##..# **,,**
#..# #...## ##.###
*,,** ##.## ####....#
##.## **,** ##.##
#.......###.## *,,**
#..# #.####.....##
**,.#*##..## #.#
###...# **..##....##
#.#### ##..#
*#.####...####@K.##
#..# #.# ###.>#
###[.####.#
#.#######.# ##..# #.#
#......##.# ##.# #.#
##...##....# #.# #.#
###...####...## ##.#
#.# .....##
#....#####..# #.## ###
####.#####.<.........#
##.###.#
#.....##...#.......###
#..#.##


You could see Pikel.

Vanquished Creatures
  Sigmund (D:3)
  4 slaves
  A crimson imp (D:4)
  3 adders
  2 oozes (D:2)
  2 worms
  A dart slug (D:2)
  5 orcs (D:3)
  4 bats
  A giant cockroach (D:1)
  4 goblins
  6 hobgoblins
  7 jackals (D:2)
  5 frilled lizards
  A goblin skeleton (D:4)
  3 goblin zombies (D:4)
  2 hobgoblin zombies (D:4)
  5 kobolds
  A kobold skeleton (D:4)
  5 orc skeletons (D:4)
  3 rats
66 creatures vanquished.

Notes
Turn   | Place    | Note
-------+----------+-------------------------------------------
     0 | D:1      | Klosterheim the Deep Elf Conjurer began the quest for the Orb.
     0 | D:1      | Reached XP level 1. HP: 10/10 MP: 6/6
   525 | D:1      | Reached XP level 2. HP: 15/15 MP: 5/8
   939 | D:2      | Reached skill level 5 in Conjurations
  1020 | D:2      | Reached XP level 3. HP: 19/19 MP: 5/10
  1948 | D:3      | Reached XP level 4. HP: 24/24 MP: 9/11
  2009 | D:3      | Found a shattered altar of Ashenzari.
  2468 | D:3      | Noticed Sigmund
  2495 | D:2      | Learned a level 2 spell: Searing Ray
  2499 | D:2      | Learned a level 3 spell: Dazzling Spray
  2511 | D:3      | Killed Sigmund
  2511 | D:3      | Reached skill level 5 in Spellcasting
  2511 | D:3      | Reached skill level 7 in Conjurations
  2511 | D:3      | Reached XP level 5. HP: 28/28 MP: 6/14
  3321 | D:4      | Found a glowing golden altar of the Shining One.
  3328 | D:4      | Reached XP level 6. HP: 31/32 MP: 7/15
  3576 | D:4      | Noticed a slave
  3579 | D:4      | Noticed a slave
  3579 | D:4      | Noticed Pikel
  3580 | D:4      | Noticed a slave
  3609 | D:3      | Killed a slave
  3737 | D:4      | Noticed a slave
  3753 | D:4      | Killed a slave
  3753 | D:4      | Killed a slave
  3756 | D:4      | Killed a slave
  3950 | D:4      | Mangled by Pikel

Vault maps used:
D:1:      doesnt_arrival_goblin_jail
D:3:      evilmike_ruin_ashenzari, uniq_sigmund
D:4:      okawaru_altar_gauntlet_db, nicolae_tso_besieged_by_evil, first_bread,
          uniq_pikel

Skill      XL: |  1  2  3  4 |
---------------+-------------+-----
Conjurations   | 5 7 |  7.2
Spellcasting   | 5 |  5.3
Dodging        | |  2.4
Stealth        | |  2.4

Action                   |  1- 3 |  4- 6 || total
-------------------------+-------+-------++-------
Melee: Unarmed           |     4 |       ||     4
 Cast: Magic Dart        |    80 |    66 ||   146
       Searing Ray       |       |    13 ||    13
       Dazzling Spray    |       |     3 ||     3
  Use: Potion            |       |     2 ||     2
       Scroll            |       |     5 ||     5
  Eat: Chunk             |     3 |     6 ||     9
Armor: Robe              |       |     6 ||     6
Dodge: Dodged            |     9 |    26 ||    35
